 Dungeon Crawl Stone Soup version 0.28-a0-653-g7e9dba17c3 (webtiles) character file.

Game seed: 471746000995146402

59 lawman0 the Covert (level 4, -2/41 HPs)
             Began as a Gnoll Delver on Oct 11, 2021.
             Slain by a gnoll (6 damage)
             ... on level 5 of the Dungeon.
             The game lasted 00:00:43 (410 turns).

lawman0 the Covert (Gnoll Delver)                    Turns: 410, Time: 00:00:44

Health: -2/41      AC:  3    Str: 11    XL:     4   Next: 3%
Magic:  5/5        EV: 13    Int: 11    God:
Gold:   0          SH:  0    Dex: 13    Spells: 5/5 levels left

rFire   . . .      SeeInvis .   a - +0 mace
rCold   + . .      Faith    .   (no shield)
rNeg    . . .      Spirit   .   b - +0 leather armour
rPois   .          Reflect  .   (no helmet)
rElec   .          Harm     .   (no cloak)
rCorr   .          Rampage  .   (no gloves)
Will    .....                   (no boots)
Stlth   ++++......              (no amulet)
HPRegen 0.13/turn               d - ring of protection from cold
MPRegen 0.09/turn               (no ring)

@: no status effects
A: fangs 1, strong nose, distributed training
a: no special abilities


You were on level 5 of the Dungeon.
You visited 1 branch of the dungeon, and saw 1 of its levels.

Inventory:

Hand Weapons
 a - a +0 mace (weapon)
Armour
 b - a +0 leather armour (worn)
Jewellery
 d - a ring of protection from cold (left hand)
Wands
 g - a wand of digging (2)
Scrolls
 c - a scroll of fog


   Skills:
 + Level 6.5 Fighting
 + Level 1.0 Short Blades
 + Level 1.0 Long Blades
 + Level 1.0 Axes
 + Level 4.6 Maces & Flails
 + Level 1.0 Polearms
 + Level 1.0 Staves
 + Level 1.0 Slings
 + Level 1.0 Bows
 + Level 1.0 Crossbows
 + Level 1.0 Throwing
 + Level 1.0 Armour
 + Level 4.6 Dodging
 + Level 9.6 Stealth
 + Level 1.0 Shields
 + Level 1.0 Unarmed Combat
 + Level 1.0 Spellcasting
 + Level 0.7 Conjurations
 + Level 0.7 Hexes
 + Level 0.7 Summonings
 + Level 0.7 Necromancy
 + Level 0.7 Translocations
 + Level 0.7 Transmutations
 + Level 0.7 Fire Magic
 + Level 0.7 Ice Magic
 + Level 0.7 Air Magic
 + Level 0.7 Earth Magic
 + Level 0.7 Poison Magic
 + Level 1.1 Invocations
 + Level 1.0 Evocations


You had 5 spell levels left.
You didn't know any spells.
Your spell library was empty.

Dungeon Overview and Level Annotations

Branches:
Dungeon (5/15)
 Temple: D:4-7

Altars:

Annotations:
D:5 Pikel


Innate Abilities, Weirdness & Mutations

You have very sharp teeth.
Your uncanny sense of smell can sniff out nearby items.
Your experience applies equally to all skills.


Message History

The gnoll shouts!
The gnoll shouts!
You hit the gnoll shaman.
The gnoll shaman is lightly wounded.
You hear a shout!
A lemure comes into view.
The gnoll shaman hits you with a +0 club.
The gnoll misses you.
The gnoll hits you from afar with a +0 spear.
You closely miss the gnoll shaman.
The gnoll shaman is lightly wounded.
The gnoll hits you from afar with a +0 spear.
The gnoll shaman hits you with a +0 club!
The gnoll barely misses you. The gnoll completely misses you.
Unknown command.
You hit the gnoll shaman but do no damage.
The gnoll shaman is lightly wounded.
The gnoll completely misses you. The gnoll shaman barely misses you.
Pikel the Slaver comes into view.
He is wielding a +2 whip of flaming.
The gnoll closely misses you. x2; The gnoll completely misses you.
You hit the gnoll shaman.
You bite the gnoll shaman, but do no damage.
The gnoll shaman is moderately wounded.
The gnoll shaman hits you with a +0 club.
The gnoll misses you. The gnoll closely misses you.
The gnoll barely misses you. The gnoll shaman misses you.
Unknown command.
You hit the gnoll shaman.
The gnoll shaman is moderately wounded.
The gnoll hits you with a +0 whip.
* * * LOW HITPOINT WARNING * * *
The gnoll hits you from afar with a +0 spear.
* * * LOW HITPOINT WARNING * * *
The gnoll barely misses you. The gnoll shaman barely misses you.
The gnoll hits you with a +0 whip.
* * * LOW HITPOINT WARNING * * *
You hit the gnoll shaman but do no damage.
The gnoll shaman is moderately wounded.
The gnoll hits you from afar with a +0 spear.
You die...

,,,+,,,,,,...,,,,,,,,,,,,,,>*
****,,,,∆*#.#,***##*,******,*
*****,*#5#,,,,..,∆,* *,* **
*,*#5#****K.,,,* *,* ,*
*,*#.# *5#**,* *,* .# #.*#.#
*g#<#,* *,* .#
#.##+#####g#.#,* *,* .##
#........#gg.#.## *,* ..#
#........@gg....# *,* ..#
#........#####.## *,* ..##
#........# *,* *,* ...#
#........# *,* *,* ...#
#...)....# *,* *,* ...#
#.##÷##### *,* *,* S.†##
##+##.#********+*****,* ....#
#...#.#*,,,,,,,,,,,,,,* ###.#
#...#.#*,,,,,,,,,******


You could see Pikel, a lemure, a gnoll shaman and 5 gnolls.

Vanquished Creatures
  A hound (D:5)
  A bullfrog skeleton (D:5)
  A quokka (D:5)
3 creatures vanquished.

Notes
Turn   | Place    | Note
-------+----------+-------------------------------------------
     0 | D:5      | Reached skill level 9 in Stealth
     0 | D:5      | lawman0 the Gnoll Delver began the quest for the Orb.
     0 | D:5      | Reached XP level 1. HP: 23/23 MP: 1/1
     5 | D:5      | Noticed an ogre
    24 | D:5      | Noticed a water moccasin
    52 | D:5      | Reached XP level 2. HP: 6/29 MP: 2/2
    52 | D:5      | Reached XP level 3. HP: 7/35 MP: 3/3
    74 | D:5      | HP: 1/35 [hound (2)]
    79 | D:5      | Reached skill level 1 in Short Blades
    79 | D:5      | Reached skill level 1 in Long Blades
    79 | D:5      | Reached skill level 1 in Axes
    79 | D:5      | Reached skill level 1 in Polearms
    79 | D:5      | Reached skill level 1 in Staves
    79 | D:5      | Reached skill level 1 in Slings
    79 | D:5      | Reached skill level 1 in Bows
    79 | D:5      | Reached skill level 1 in Crossbows
    79 | D:5      | Reached skill level 1 in Throwing
    79 | D:5      | Reached skill level 1 in Armour
    79 | D:5      | Reached skill level 1 in Shields
    79 | D:5      | Reached skill level 1 in Unarmed Combat
    79 | D:5      | Reached skill level 1 in Spellcasting
    79 | D:5      | Reached skill level 1 in Invocations
    79 | D:5      | Reached skill level 1 in Evocations
    79 | D:5      | Reached XP level 4. HP: 2/41 MP: 3/5
   393 | D:5      | Noticed a lemure
   393 | D:5      | Noticed a lemure
   405 | D:5      | Noticed a lemure
   407 | D:5      | Noticed Pikel
   410 | D:5      | Slain by a gnoll

Illustrated notes

Levels and vault maps discovered:
D:5:      layout_basic, uniq_pikel, uniq_blork_the_orc, uniq_menkaure

Skill      XL: |  1  2  3 |
---------------+----------+-----
Stealth        | |  9.6
Short Blades   | 1 |  1.0
Long Blades    | 1 |  1.0
Axes           | 1 |  1.0
Polearms       | 1 |  1.0
Staves         | 1 |  1.0
Slings         | 1 |  1.0
Bows           | 1 |  1.0
Crossbows      | 1 |  1.0
Throwing       | 1 |  1.0
Armour         | 1 |  1.0
Shields        | 1 |  1.0
Unarmed Combat | 1 |  1.0
Spellcasting   | 1 |  1.0
Invocations    | 1 |  1.1
Evocations     | 1 |  1.0
Fighting       | |  6.5
Maces & Flails | |  4.6
Dodging        | |  4.6
Conjurations   | |  0.7
Hexes          | |  0.7
Summonings     | |  0.7
Necromancy     | |  0.7
Translocations | |  0.7
Transmutations | |  0.7
Fire Magic     | |  0.7
Ice Magic      | |  0.7
Air Magic      | |  0.7
Earth Magic    | |  0.7
Poison Magic   | |  0.7

Action                   |  1- 3 |  4- 6 || total
-------------------------+-------+-------++-------
Melee: Mace              |    30 |     6 ||    36
       Bite              |     3 |     1 ||     4
Evoke: Wand              |       |     1 ||     1
  Use: Scroll            |     2 |       ||     2
       Potion            |     2 |       ||     2
 Stab: Sleeping          |     1 |       ||     1
Armor: Leather armour    |     4 |       ||     4
Dodge: Dodged            |    23 |    15 ||    38

Table legend: (Time is in decaauts)
 A = Elapsed time spent in this place.
 B = Non-inter-level travel time spent in this place.
 C = Inter-level travel time spent in this place.
 D = Time resting spent in this place.
 E = Time spent auto-exploring this place.
 F = Levels seen in this place.
 G = Mean time per level.
                   A        B        C        D        E       F      G
               +--------+--------+--------+--------+--------+-----+--------+
         Total |    396 |    396 |      0 |    292 |      0 |   1 |  396.0 |
       Dungeon |    396 |    396 |      0 |    292 |      0 |   1 |  396.0 |
               +--------+--------+--------+--------+--------+-----+--------+

Top non-repeatable levels by time:
     D:5: 396 daAuts
